 Dungeon Crawl Stone Soup version 0.26.0-10-g1f06aea511 (webtiles) character file.

Game seed: 16145056314120001714

2748 Borgoz the Slasher (level 9, -2/75 HPs)
             Began as a Ghoul Gladiator on Jan 14, 2021.
             Was an Initiate of Ashenzari.
             Killed by divine providence
             ... invoked by an orc priest
              (11 damage)
             ... on level 8 of the Dungeon.
             The game lasted 00:11:42 (7444 turns).

Borgoz the Slasher (Ghoul Gladiator)                Turns: 7444, Time: 00:11:43

Health: -2/75      AC: 16    Str: 18    XL:     9   Next: 68%
Magic:  8/8        EV: 12    Int:  3    God:    Ashenzari [......]
Gold:   374        SH:  3    Dex: 13    Spells: 5/8 levels left

rFire    . . .     SeeInvis .   a - +1 long sword (vorpal)
rCold    + + .     Faith    .   m - +0 buckler
rNeg     + + +     Spirit   .   d - +2 scale mail {rC+}
rPois    ∞         Reflect  .   c - +0 helmet
rElec    .         Harm     .   (no cloak)
rCorr    .         Rampage  .   i - +0 pair of gloves (curse)
Will     .....                  (no boots)
Stlth    ..........             (no amulet)
HPRegen  0.00/turn              f - +4 ring of protection
MPRegen  0.11/turn              (no ring)

@: hasted and slowed
A: claws 1, cold resistance 1, negative energy resistance 3, inhibited
regeneration, torment resistance, unbreathing
a: Renounce Religion, Curse Item


You were on level 8 of the Dungeon.
You worshipped Ashenzari.
Ashenzari was noncommittal.
You visited 2 branches of the dungeon, and saw 9 of its levels.

You collected 374 gold pieces.

Inventory:

Hand Weapons
 a - a +1 vorpal long sword (weapon)
Missiles
 q - a throwing net (quivered)
Armour
 c - a +0 helmet (worn)
 d - a +2 scale mail of cold resistance (worn)
 i - a cursed +0 pair of gloves (worn)
 m - a +0 buckler (worn)
Jewellery
 f - a +4 ring of protection (left hand)
 h - an uncursed ring of ice
Scrolls
 j - 8 scrolls of remove curse
 k - a scroll of teleportation
 l - a scroll of blinking
Potions
 b - 4 potions of brilliance
 p - 3 potions of attraction {unknown}


   Skills:
 + Level 6.0 Fighting
 * Level 7.2 Long Blades
 - Level 1.7 Throwing
 * Level 6.5 Armour
 * Level 6.1 Dodging


You had 5 spell levels left.
You knew the following spells:

 Your Spells              Type           Power        Failure   Level
a - Confusing Touch       Hex            0%           100%        3

Your spell library contained the following spells:

 Spells                   Type           Power        Failure   Level
 Corona                   Hex            0%           96%         1
 Sting                    Tmut/Pois      0%           96%         1
 Summon Small Mammal      Summ           0%           96%         1
 Call Imp                 Summ           0%           99%         2
 Ensorcelled Hibernation  Hex/Ice        0%           99%         2
 Poisonous Vapours        Pois/Air       0%           99%         2
 Call Canine Familiar     Summ           0%           100%        3
 Dazzling Flash           Conj/Hex       0%           100%        3
 Ignite Poison            Fire/Tmut/Pois 0%           100%        3
 Mephitic Cloud           Conj/Pois/Air  0%           100%        3
 Summon Guardian Golem    Hex/Summ       0%           100%        3
 Tukima's Dance           Hex            0%           100%        3
 Olgreb's Toxic Radiance  Pois           0%           100%        4
 Summon Ice Beast         Ice/Summ       0%           100%        4
 Summon Lightning Spire   Summ/Air       0%           100%        4


Dungeon Overview and Level Annotations

Branches:
Dungeon (8/15)             Temple (1/1) D:7
   Lair: D:8-11

Altars:
Ashenzari
Cheibriados
Dithmenos
Elyvilon
Fedhas
Gozag
Hepliaklqana
Kikubaaqudgha
Makhleb
Nemelex Xobeh
Okawaru
Qazlal
Ru
Sif Muna
Trog
Uskayaw
Vehumet
Wu Jian
Xom
Yredelemnul
Zin
The Shining One

Shops:
D:4 [   D:5 (

Annotations:
D:8 Grum


Innate Abilities, Weirdness & Mutations

You thrive by killing the living.
You are immune to poison.
You have sharp fingernails.
Your flesh is cold resistant. (rC+)
You are immune to negative energy. (rN+++)
You do not regenerate when monsters are visible.
You are immune to unholy pain and torment.
You can survive without breathing.


Message History

The bullfrog zombie hits you.
* * * LOW HITPOINT WARNING * * *
The orc priest hits you but does no damage.
The hound closely misses you. The orc hits you but does no damage.
The bullfrog zombie misses you.
You barely miss the orc priest. The hound bites you but does no damage.
The orc priest looks satisfied for a moment.
The bullfrog zombie misses you. The hound bites you but does no damage.
The orc hits you but does no damage.
You hit the orc priest but do no damage.
The orc priest closely misses you. The hound bites you.
* * * LOW HITPOINT WARNING * * *
The bullfrog zombie barely misses you.
You feel better. The hound bites you.
* * * LOW HITPOINT WARNING * * *
The bullfrog zombie barely misses you. The orc hits you with a +0 hand axe.
* * * LOW HITPOINT WARNING * * *
The orc priest mumbles some strange prayers to Beogh against you.
Beogh smites you!
You die...

#. #..###...
#.###.....#.
##..........
..........
###(......#
..........#
#...oZ..#
##FoohB#......
#.#@##.###.##
# #Z# .# ..#
.# .### .# #.
.# # .#


You could see a bullfrog, a hound, a worker ant, an orc priest, 2 orcs, a
bullfrog zombie and an adder skeleton.

Vanquished Creatures
  A two-headed ogre (D:8)
  Pikel (D:8)
  Eustachio (D:5)
  A black bear (D:8)
  A necrophage (D:7)
  A phantom (D:7)
  A wolf (D:8)
  3 ogres
  A big kobold (D:7)
  A bullfrog (D:8)
  A howler monkey (D:4)
  A quasit (D:6)
  A bullfrog zombie (D:6)
  An orc priest (D:3)
  4 hounds
  A jelly (D:5)
  2 orc wizards
  Terence (D:2)
  A centaur skeleton (D:8)
  An iguana (D:5)
  3 worker ants
  A hound skeleton (D:6)
  A howler monkey skeleton (D:4)
  12 adders
  A white imp (D:6)
  3 ufetubi
  An ooze (D:4)
  An adder skeleton (D:6)
  2 worms
  3 dart slugs
  10 leopard geckos
  8 orcs
  4 bats
  3 giant cockroaches
  5 hobgoblins
  3 jackals (D:1)
  4 quokkas
  A ball python (D:3)
  9 frilled lizards
  A giant cockroach zombie (D:5)
  11 goblins
  16 kobolds
  A quokka zombie (D:4)
  9 rats
  3 bushes (D:3)
142 creatures vanquished.

Vanquished Creatures (others)
  A howler monkey skeleton (D:3)
  21 plants
22 creatures vanquished.

Grand Total: 164 creatures vanquished

Notes
Turn   | Place    | Note
-------+----------+-------------------------------------------
     0 | D:1      | Borgoz the Ghoul Gladiator began the quest for the Orb.
     0 | D:1      | Reached XP level 1. HP: 17/17 MP: 0/0
    78 | D:1      | Reached XP level 2. HP: 25/25 MP: 1/1
   179 | D:1      | Reached skill level 1 in Armour
   235 | D:1      | Reached skill level 3 in Long Blades
   274 | D:1      | Reached XP level 3. HP: 21/30 MP: 2/2
   907 | D:2      | Reached XP level 4. HP: 19/37 MP: 3/3
  1091 | D:2      | Noticed Terence
  1112 | D:2      | Killed Terence
  1700 | D:3      | Reached XP level 5. HP: 42/45 MP: 4/4
  2076 | D:3      | You fall into a shaft and drop 3 floors!
  2361 | D:6      | Reached skill level 4 in Long Blades
  2368 | D:6      | Reached XP level 6. HP: 29/51 MP: 5/5
  2395 | D:5      | Entered Level 5 of the Dungeon
  2514 | D:5      | Found Codon's Antique Weapon Boutique.
  2657 | D:4      | Reached XP level 7. HP: 38/58 MP: 6/6
  2832 | D:4      | Found Goinugh's Armour Boutique.
  3755 | D:4      | Found a snail-covered altar of Cheibriados.
  4030 | D:5      | Reached skill level 5 in Long Blades
  4230 | D:5      | Found a shadowy altar of Dithmenos.
  4472 | D:5      | Noticed Eustachio
  4507 | D:5      | Killed Eustachio
  4508 | D:5      | Reached XP level 8. HP: 55/67 MP: 7/7
  5449 | D:6      | Learned a level 3 spell: Ignite Poison
  5460 | D:6      | Learned a level 3 spell: Confusing Touch
  6086 | D:7      | Reached skill level 5 in Armour
  6240 | D:7      | Found a staircase to the Ecumenical Temple.
  6339 | Temple   | Entered the Ecumenical Temple
  6447 | Temple   | Became a worshipper of Ashenzari the Shackled
  6992 | D:7      | Reached skill level 5 in Fighting
  6992 | D:7      | Reached skill level 6 in Long Blades
  7070 | D:8      | Found a bloodstained altar of Trog.
  7139 | D:8      | Noticed Pikel
  7144 | D:8      | Paralysed by Pikel for 6 turns
  7151 | D:8      | Paralysed by Pikel for 7 turns
  7165 | D:8      | Killed Pikel
  7166 | D:8      | Reached skill level 5 in Dodging
  7166 | D:8      | Reached XP level 9. HP: 40/74 MP: 8/8
  7389 | D:8      | Noticed a two-headed ogre
  7392 | D:8      | Noticed Grum
  7402 | D:8      | Killed a two-headed ogre
  7403 | D:8      | Reached skill level 7 in Long Blades
  7431 | D:8      | HP: 3/75 [orc priest/divine providence (13)]
  7444 | D:8      | Killed from afar by an orc priest

Illustrated notes

Levels and vault maps discovered:
D:1:      dpeg_arrival_arbitrary_c, layout_loops_ring, st_stairs_13
D:2:      layout_rooms, uniq_terence
D:3:      layout_basic, lexackson_kobold_supper
D:4:      layout_cave_pools, kennysheep_slug_shrine, serial_shops, shop
D:5:      minmay_opposing_rooms, layout_loops_ring, serial_shops,
          nicolae_shop_behind_doors, basic_altar, uniq_eustachio
D:6:      layout_layer_cave
D:7:      layout_loops_corners, minmay_temple_entry_antechambers,
          kennysheep_big_empty_room
D:8:      layout_loops_ring, basic_altar, special_room [special_room_orc],
          chequers_guarded_unrand_ignorance, uniq_pikel, uniq_grum, uniq_maggie
Temple:   kilobyte_greek_temple

Skill      XL: |  1  2  3  4  5  6  7  8  9 |
---------------+----------------------------+-----
Armour         | 1 2 3 4 5 6 |  6.5
Long Blades    | 3 4 5 6 7 |  7.2
Dodging        | 3 4 5 6 |  6.1
Fighting       | 3 4 5 6 |  6.0
Throwing       | |  1.7

Action                   |  1- 3 |  4- 6 |  7- 9 || total
-------------------------+-------+-------+-------++-------
Melee: Long sword        |   103 |   183 |   518 ||   804
Throw: Throwing net      |       |     5 |       ||     5
  Use: Scroll            |       |     6 |    15 ||    21
       Potion            |       |     1 |     6 ||     7
 Stab: Held in net/web   |       |     2 |       ||     2
Armor: Leather armour    |    47 |     3 |       ||    50
       Scale mail        |       |   120 |   278 ||   398
Dodge: Dodged            |    90 |   127 |   272 ||   489
Block: Buckler           |       |       |    53 ||    53
       Rpst.: Long sword |    26 |    41 |    67 ||   134
